 Dungeon Crawl Stone Soup version 0.30.0-10-gfe55d96785 (webtiles) character file.

Game seed: 765234638856527247

894 qw the Covered (level 8, 0/48 HPs)
             Began as a Gargoyle Cinder Acolyte on May 17, 2023.
             Was a Priest of Ignis.
             Slain by an orc warrior
             ... wielding a +0 falchion
              (10 damage)
             ... on level 4 of the Dungeon.
             The game lasted 00:01:46 (3876 turns).

qw the Covered (Gargoyle Cinder Acolyte)            Turns: 3876, Time: 00:01:46

Health: 0/48       AC: 28    Str: 20    XL:     8   Next: 6%
Magic:  9/9        EV:  6    Int: 15    God:    Ignis [***...]
Gold:   275        SH:  0    Dex:  5    Spells: 9/9 levels left

rFire   + + .        Y - +1 hand axe (flame)
rCold   + . .        (no shield)
rNeg    + . .        b - +0 plate armour
rPois   inf          (no helmet)
rElec   +            f - scarf {rC+ rF+}
rCorr   .            p - +0 pair of gloves
SInv    .            c - +0 pair of boots
Will    .....        (no amulet) Stlth
                     (no ring)
HPRegen 0.28/turn    (no ring)
MPRegen 0.11/turn

%: no passive effects
@: fiery-armoured
A: sickness immunity, AC +5, negative energy resistance 1, electricity
resistance, torment resistance 1, petrification resistance
a: Renounce Religion, Fiery Armour, Foxfire Swarm, Rising Flame


You were on level 4 of the Dungeon.
You worshipped Ignis.
Ignis was most pleased with you.
You visited 1 branch of the dungeon, and saw 5 of its levels.

You collected 275 gold pieces.


Innate Abilities, Weirdness & Mutations

You are immune to sickness and miasma.
Your stone body is resilient. (AC +5)
You are immune to poison.
You resist negative energy. (rN+)
You are resistant to electric shocks. (rElec)
You are resistant to unholy torment.
You are immune to petrification.


   Skills:
 - Level 4.0 Fighting
 + Level 6.2 Axes
 - Level 6.5 Armour
 - Level 1.0 Spellcasting
 - Level 3.0 Fire Magic


You had 9 spell levels left.
You didn't know any spells.
Your spell library contained the following spells:

 Spells                   Type           Power      Damage    Failure   Level
 Scorch                   Fire           18%        2d5       94%         2

Inventory:

Hand Weapons
 Y - a +1 hand axe of flaming (weapon)
Missiles
 j - 9 boomerangs (quivered)
Armour
 a - a +2 chain mail of cold resistance
 b - a +0 plate armour (worn)
 c - a +0 pair of boots (worn)
 f - a scarf of resistance (worn)
 p - a +0 pair of gloves (worn)
Scrolls
 e - a scroll of identify
Potions
 d - 3 potions of mutation
 g - a potion of attraction {unknown}
 h - a potion of curing
 i - a potion of haste
 k - a potion of invisibility
 o - a potion of flight {unknown}

Dungeon Overview and Level Annotations

Branches:
Dungeon (5/15)
 Temple: D:4-7

Altars:
Gozag
Kikubaaqudgha
Nemelex Xobeh
Wu Jian
Yredelemnul

Annotations:
D:5 Blork the orc, Eustachio


Message History

You hit the orc warrior but do no damage.
The orc warrior is heavily wounded.
You hit the orc warrior but do no damage.
The orc warrior hits you but does no damage. x2
The orc warrior is burned by your cloak of flames.
The orc warrior is heavily wounded.
You hit the orc warrior. You burn the orc warrior.
The orc warrior is severely wounded.
You barely miss the orc warrior.
The orc warrior hits you with a +0 great sword!
The orc warrior barely misses you.
You barely miss the orc warrior.
The orc warrior is severely wounded.
The orc warrior blocks your attack.
The orc warrior hits you with a +0 great sword!
The orc warrior is burned by your cloak of flames.
The orc warrior is almost dead.
The orc warrior hits you with a +0 falchion.
You barely miss the orc warrior.
The orc warrior is almost dead.
The orc warrior blocks your attack.
The orc warrior hits you but does no damage.
The orc warrior is burned by your cloak of flames.
The orc warrior is almost dead.
The orc warrior hits you but does no damage.
The orc warrior is burned by your cloak of flames.
The orc warrior is heavily wounded.
You hit the orc warrior. You burn the orc warrior.
The orc warrior is almost dead.
You hit the orc warrior but do no damage.
The orc warrior barely misses you.
The orc warrior hits you but does no damage.
You hit the orc warrior but do no damage.
The orc warrior is almost dead.
You hit the orc warrior but do no damage.
The orc warrior hits you but does no damage.
The orc warrior is burned by your cloak of flames.
You kill the orc warrior!
The orc warrior hits you with a +0 falchion!
You die...

####...##.........<#.#....
#.......#.......)###.#####
#....#..#####...)).....#
#....##.# #...########.###
#....##.###.#.# #....
#....##..#..#.# ####.
###..##....##.# #.
##.##.#.###.### ##
###.####@).....# #
#.....#o.....#.### #
#.#.##########...# #
#.._..#.....##.#.#
###.#.#......###'## #
#.....#.......#...### ###
####%###....#..'.}...###..
#.#..# ##.###.##..........
#.#.## #.....####....<...


You could see an orc warrior.

Vanquished Creatures
  Pikel (D:4)
  Sigmund (D:2)
  An orc warrior (D:4)
  3 lemures (D:4)
  A phantom (D:4)
  A gnoll bouda (D:4)
  Ijyb (D:3)
  An orc wizard (D:4)
  3 gnolls (D:4)
  2 adders (D:2)
  An ufetubus (D:4)
  5 worms
  2 dart slugs (D:2)
  8 orcs
  A bat (D:1)
  4 endoplasms
  4 giant cockroaches
  5 goblins
  4 hobgoblins
  A jackal (D:4)
  3 quokkas
  5 ball pythons
  4 frilled lizards
  9 kobolds
  6 rats
  A spectral orc (D:3)
78 creatures vanquished.

Notes
Turn   | Place    | Note
-------+----------+-------------------------------------------
     0 | D:1      | qw the Gargoyle Cinder Acolyte began the quest for the Orb.
     0 | D:1      | Reached XP level 1. HP: 14/14 MP: 2/2
     0 | D:1      | 0 ||| qw: Version: 0.2-a-95-g206ef33
     0 | D:1      | 0 ||| qw: Game counter: 176
     0 | D:1      | 0 ||| qw: Always use a shield: true
     0 | D:1      | 0 ||| qw: God list: Okawaru
     0 | D:1      | 0 ||| qw: Allow faded altars: false
     0 | D:1      | 0 ||| qw: Do Orc after D:15 true
     0 | D:1      | 0 ||| qw: Do second Lair branch before Depths: true
     0 | D:1      | 0 ||| qw: Lair rune preference: random
     0 | D:1      | 0 ||| qw: Plans: Normal
     0 | D:1      | 0 ||| PLANNING D:1-11
   227 | D:1      | Reached skill level 3 in Axes
   252 | D:1      | 252 ||| Stepping ~*~*~tactically~*~*~ (stealth).
   324 | D:1      | Reached XP level 2. HP: 19/19 MP: 3/3
   373 | D:1      | Found a faded altar of an unknown god.
   651 | D:1      | 651 ||| UPGRADING to +0 pair of boots.
   656 | D:1      | 656 ||| UPGRADING to scarf of resistance.
   661 | D:1      | 661 ||| READING scroll labelled VOAGUO WATAI.
   662 | D:1      | 662 ||| READING 2 scrolls labelled JUPLUJAUKK.
   663 | D:1      | 663 ||| READING 2 scrolls labelled IHUZEM LE ROUD.
   664 | D:1      | 664 ||| READING scroll of enchant weapon.
   664 | D:1      | 664 ||| ENCHANTING +0 hand axe of flaming.
   665 | D:1      | 665 ||| READING scroll labelled RATOFA JEEN.
   815 | D:2      | Noticed Sigmund
   816 | D:2      | 816 ||| Stepping ~*~*~tactically~*~*~ (hiding).
   829 | D:2      | 829 ||| INVOKING Fiery Armour.
   832 | D:2      | HP: 3/19 [Sigmund/magic dart (7)]
   842 | D:2      | HP: 2/19 [Sigmund/+0 scythe (4)]
   843 | D:2      | Killed Sigmund
   844 | D:2      | Reached XP level 3. HP: 3/23 MP: 4/4
   844 | D:2      | Reached XP level 4. HP: 3/28 MP: 5/5
   844 | D:2      | Reached XP level 5. HP: 4/32 MP: 6/6
  1477 | D:2      | 1477 ||| Stepping ~*~*~tactically~*~*~ (hiding).
  1782 | D:2      | 1782 ||| UPGRADING to +0 pair of gloves.
  1787 | D:2      | 1787 ||| READING scroll labelled LOKHLO WOEGEI.
  1788 | D:2      | 1788 ||| READING scroll labelled DUNAGI LUMA.
  1789 | D:2      | 1789 ||| READING scroll labelled QEN TY HORCHOC.
  1790 | D:2      | 1790 ||| READING scroll labelled PACWOZOCHO.
  1793 | D:2      | 1793 ||| READING scroll labelled REIFIYF VUAM.
  1794 | D:2      | 1794 ||| DRINKING 2 yellow potions.
  1826 | D:2      | 1826 ||| DRINKING 2 cyan potions.
  1827 | D:2      | 1827 ||| READING 3 scrolls of identify.
  1827 | D:2      | 1827 ||| IDENTIFYING murky coppery potion
  1828 | D:2      | 1828 ||| READING 2 scrolls of identify.
  1828 | D:2      | 1828 ||| IDENTIFYING sedimented yellow potion
  1829 | D:2      | 1829 ||| DROPPING potion of lignification.
  1844 | D:3      | 1844 ||| Stepping ~*~*~tactically~*~*~ (stealth).
  1848 | D:3      | Reached XP level 6. HP: 38/38 MP: 7/7
  1967 | D:3      | Noticed Ijyb
  1968 | D:3      | 1968 ||| Stepping ~*~*~tactically~*~*~ (hiding).
  1969 | D:3      | 1969 ||| Stepping ~*~*~tactically~*~*~ (hiding).
  1985 | D:3      | 1985 ||| INVOKING Fiery Armour.
  1988 | D:3      | Killed Ijyb
  1989 | D:3      | Reached skill level 1 in Armour
  2372 | D:3      | 2372 ||| Stepping ~*~*~tactically~*~*~ (hiding).
  2436 | D:3      | Found a basalt altar of Yredelemnul.
  2753 | D:3      | 2753 ||| UPGRADING to +2 chain mail of cold resistance.
  2763 | D:3      | 2763 ||| DROPPING +0 robe.
  2764 | D:3      | 2764 ||| DRINKING 2 grey potions.
  2765 | D:3      | 2765 ||| DRINKING 3 metallic white potions.
  2766 | D:3      | 2766 ||| READING 3 scrolls of identify.
  2766 | D:3      | 2766 ||| IDENTIFYING coppery potion
  2767 | D:3      | 2767 ||| READING 2 scrolls of identify.
  2767 | D:3      | 2767 ||| IDENTIFYING fuming black potion
  2768 | D:3      | 2768 ||| DROPPING potion of degeneration.
  2769 | D:3      | 2769 ||| DROPPING potion of berserk rage.
  2770 | D:3      | 2770 ||| DROPPING 2 potions of brilliance.
  2825 | D:4      | 2825 ||| INVOKING Fiery Armour.
  2909 | D:4      | Found an ancient bone altar of Kikubaaqudgha.
  2910 | D:4      | Found a sparkling altar of Nemelex Xobeh.
  3021 | D:4      | 3021 ||| INVOKING Fiery Armour.
  3136 | D:4      | 3136 ||| Stepping ~*~*~tactically~*~*~ (hiding).
  3190 | D:4      | Noticed Pikel
  3191 | D:4      | 3191 ||| Stepping ~*~*~tactically~*~*~ (hiding).
  3194 | D:4      | 3194 ||| Stepping ~*~*~tactically~*~*~ (stealth).
  3215 | D:4      | 3215 ||| INVOKING Fiery Armour.
  3217 | D:4      | HP: 8/38 [lemure[Pikel] (5)]
  3218 | D:4      | 3218 ||| DRINKING potion of heal wounds.
  3220 | D:4      | Killed Pikel
  3221 | D:4      | Reached skill level 6 in Armour
  3221 | D:4      | Reached XP level 7. HP: 34/43 MP: 8/8
  3428 | D:4      | Found an opulent altar of Gozag.
  3475 | D:4      | Found an ornate altar of the Wu Jian Council.
  3530 | D:4      | 3530 ||| Stepping ~*~*~tactically~*~*~ (stealth).
  3538 | D:4      | 3538 ||| Stepping ~*~*~tactically~*~*~ (stealth).
  3589 | D:4      | Reached skill level 6 in Axes
  3589 | D:4      | Reached XP level 8. HP: 42/48 MP: 9/9
  3645 | D:4      | 3645 ||| DRINKING 2 potions of curing.
  3645 | D:4      | 3645 ||| (to cure confusion)
  3802 | D:4      | 3802 ||| UPGRADING to +0 plate armour.
  3812 | D:4      | 3812 ||| READING 2 scrolls labelled WEYTSY WOBOH.
  3813 | D:4      | 3813 ||| DROPPING scroll of magic mapping.
  3855 | D:5      | Entered Level 5 of the Dungeon
  3855 | D:5      | Noticed Eustachio
  3855 | D:5      | Noticed Blork the orc
  3856 | D:5      | 3856 ||| INVOKING Fiery Armour.
  3861 | D:5      | 3861 ||| STAIRDANCE
  3873 | D:4      | HP: 11/48 [orc warrior/+0 great sword (8)]
  3876 | D:4      | Slain by an orc warrior

Levels and vault maps discovered:
D:1:      dpeg_arrival_arbitrary_a, layout_loops_ring,
          chequers_ecumenical_altar_simple
D:2:      layout_basic, st_stairs_5, uniq_sigmund
D:3:      layout_basic, yredelemnul_forgotten_temple_becter,
          kennysheep_pointless_box, minmay_misc_feat_alley,
          grunt_decor_mini_mirrors, minivault_19, kennysheep_generic_room_3,
          uniq_ijyb
D:4:      minmay_wonky_spiral, layout_basic,
          nicolae_gozag_cash_rules_everything_around_me,
          gammafunk_temple_overflow_statue, mainiacjoe_overflow_brackets,
          grunt_ministairs_13, item_on_display_a, uniq_pikel
D:5:      layout_layer_cave, bloody_makhleb, serial_shops,
          nicolae_shop_window_shopping, chequers_garden,
          minmay_misc_feat_more_columns, minivault_4, roderic_serpentine_path,
          minmay_statues_item, serial_park_tiny_pond, sword_in_stone,
          uniq_grinder

Skill      XL: |  1  2  3  4  5  6  7 |
---------------+----------------------+-----
Axes           | 3 5 6 |  6.2
Armour         | 6 |  6.5
Fighting       | 4 |  4.0
Spellcasting   | |  1.0
Fire Magic     | |  3.0

Action                     |  1- 3 |  4- 6 |  7- 9 || total
---------------------------+-------+-------+-------++-------
  Melee: Hand axe          |    39 |   170 |    84 ||   293
         Punch             |       |     2 |       ||     2
  Throw: Boomerang         |       |    31 |    12 ||    43
 Invoke: Fiery Armour      |     1 |     4 |     1 ||     6
    Use: Scroll            |     5 |     9 |     1 ||    15
         Potion            |       |     5 |     1 ||     6
 Armour: Robe              |    13 |    34 |       ||    47
         Chain mail        |       |    50 |    41 ||    91
         Plate armour      |       |       |    19 ||    19
  Dodge: Dodged            |    19 |    73 |    29 ||   121

Table legend:
 A = Non-vault XP
 B = Vault XP
 C = Vault XP percentage of total XP
 D = Non-vault monster count
 E = Vault monster count
 F = Vault count percentage of total count
                 A         B        C        D         E       F
            +---------+---------+-------+---------+---------+-------
      Total |     341 |    1078 |  76.0 |      61 |      14 |  18.7
            +---------+---------+-------+---------+---------+-------
        D:1 |      12 |       0 |   0.0 |       8 |       0 |   0.0
        D:2 |      52 |     249 |  82.7 |      16 |       3 |  15.8
        D:3 |      43 |      37 |  46.2 |      17 |       2 |  10.5
        D:4 |     234 |     792 |  77.2 |      20 |       9 |  31.0
            +---------+---------+-------+---------+---------+-------
